 Dungeon Crawl Stone Soup version 0.13-a0-2144-gf0858a5 (webtiles) character file.

574 Grabo the Insei (level 6, -6/47 HPs)
             Began as a Draconian Transmuter on June 29, 2013.
             Mangled by disskorpion's ghost (14 damage)
             ... on Level 5 of the Dungeon.
             The game lasted 00:08:29 (3663 turns).

Grabo the Insei (Draconian Transmuter)              Turns: 3663, Time: 00:08:29

HP  -6/47        AC  7     Str 12      XL: 6   Next: 47%
MP   8/9         EV 12     Int 13      God:
Gold 192         SH  0     Dex 14      Spells:  2 memorised,  5 levels left

Res.Fire  : . . .   See Invis. : .     - Unarmed
Res.Cold  : . . .   Warding    : .   (armour unavailable)
Life Prot.: . . .   Conserve   : .   (no shield)
Res.Poison: .       Res.Corr.  : .   (helmet restricted)
Res.Elec. : .       Clarity    : .   (no cloak)
Sust.Abil.: . .     Spirit.Shd : .   (no gloves)
Res.Mut.  : .       Stasis     : .   y - +0 pair of boots (curse)
Res.Rott. : .       Flight     : .   (no amulet)
Saprovore : . . .                    (no ring)
                                     (no ring)

@: appendage, slightly resistant to hostile enchantments, unstealthy
A: unfitting armour, horns 2, AC +6
a: End Transformation


You were on level 5 of the Dungeon.
You were not hungry.
You had grown temporary horns.
You visited 1 branch of the dungeon, and saw 5 of its levels.

You collected 172 gold pieces.

Inventory:

Missiles
 b - 12 arrows
 z - a poisoned javelin (quivered)
Armour
 y - a cursed +0 pair of boots (worn)
Comestibles
 a - 3 bread rations
 o - 2 meat rations
 t - a lemon
 u - a rambutan
Scrolls
 c - 2 scrolls of amnesia {unknown}
 e - 2 scrolls of fear {unknown}
 f - 5 scrolls of identify {unknown}
 g - 3 scrolls of enchant armour {unknown}
 i - a scroll of random uselessness {unknown}
 j - 2 scrolls of blinking {unknown}
 k - 2 scrolls of remove curse {unknown}
 m - 2 scrolls of recharging {unknown}
 p - 3 scrolls of teleportation {unknown}
 q - a scroll of curse jewellery {unknown}
 x - a scroll of curse armour {unknown}
 C - a scroll of fog {unknown}
Potions
 h - 2 potions of brilliance {unknown}
 l - 2 potions of restore abilities {unknown}
 n - a potion of heal wounds {unknown}
 r - 8 potions of curing {unknown}
 v - a potion of magic {unknown}
 A - 2 potions of resistance {unknown}
 B - 4 potions of speed
Books
 d - a book of Changes

   Spells                             Type                      Level
   *Beastly Appendage                 Transmutation                1
   Sticks to Snakes                   Transmutation                2
   *Spider Form                       Transmutation/Poison         3
   Ice Form                           Ice/Transmutation            4
   Blade Hands                        Transmutation                5
 w - Kikubaaqudgha's Catalogue of Black Rites
   (You found it on level 2 of the Dungeon)

   Spells                             Type                      Level
   Animate Skeleton                   Necromancy                   1


   Skills:
 - Level 1.1 Fighting
 - Level 1.7 Dodging
 + Level 5.6 Unarmed Combat
 - Level 2.0 Spellcasting
 + Level 5.0 Transmutations


You had 5 spell levels left.
You knew the following spells:

 Your Spells              Type           Power        Failure   Level  Hunger
a - Beastly Appendage     Trmt           ##....       3%          1    ##.....
b - Spider Form           Trmt/Pois      #.........   28%         3    ####...


Dungeon Overview and Level Annotations

Branches:
Dungeon (5/27)
 Temple: D:4-7

Altars:
Kikubaaqudgha
Sif Muna
Trog
Vehumet
Xom

Annotations
D:5 disskorpion's ghost, experienced OpMo


Innate Abilities, Weirdness & Mutations

Your plain brown scales are hard (AC +6).*
Your body does not fit into most forms of armour.
Your cold-blooded metabolism reacts poorly to cold.
You have a pair of horns on your head.*


Message History

Disskorpion's ghost is lightly damaged.
Disskorpion's ghost hits you.
You barely miss disskorpion's ghost.
Your tail-slap misses disskorpion's ghost.
Disskorpion's ghost is lightly damaged.
You closely miss disskorpion's ghost.
Your tail-slap misses disskorpion's ghost.
Disskorpion's ghost is lightly damaged.
Disskorpion's ghost hits you.
You miss disskorpion's ghost.
Your headbutt misses disskorpion's ghost.
Disskorpion's ghost is lightly damaged.
Disskorpion's ghost hits you.
You hit disskorpion's ghost.
Disskorpion's ghost is lightly damaged.
Disskorpion's ghost hits you!
* * * LOW HITPOINT WARNING * * *
Disskorpion's ghost says, "You must not succeed where I failed!"
Disskorpion's ghost hits you!
You die...

.....%...### ..............
........$.......
..................
.(......##.........
.................#
.................#
.(.(....(.p(......#
#######....@......# #..#
#...........# .#
#..####...........######.#
#..#.....................##.
#..................[........ #
##.....^.....................
#####......#.............#.......
...........###.....#####........)
.........#####.....#####......##.


You could see disskorpion's ghost.

Vanquished Creatures
  An ogre (D:5)
  A water moccasin skeleton (D:4)
  2 iguanas
  A worker ant (D:4)
  Ijyb (D:4)
  6 adders
  An adder skeleton (D:5)
  2 worms
  3 giant geckos
  An orc (D:3)
  11 hobgoblins
  2 quokkas (D:2)
  8 bats
  2 giant cockroaches
  A giant gecko skeleton (D:5)
  7 goblins
  A jackal skeleton (D:4)
  6 kobolds
  9 rats
66 creatures vanquished.

Notes
Turn   | Place    | Note
--------------------------------------------------------------
     0 | D:1      | Grabo, the Draconian Transmuter, began the quest for the Orb.
     0 | D:1      | Reached XP level 1. HP: 16/16 MP: 1/1
   421 | D:1      | Reached XP level 2. HP: 7/23 MP: 0/3
   427 | D:1      | HP: 1/23 [giant gecko (3)]
  1170 | D:2      | Reached XP level 3. HP: 20/28 MP: 2/4
  1207 | D:2      | Reached skill level 4 in Unarmed Combat
  1433 | D:2      | Learned a level 3 spell: Spider Form
  1482 | D:2      | Reached XP level 4. HP: 25/35 MP: 4/6
  1801 | D:2      | Found a radiant altar of Vehumet.
  1805 | D:2      | Identified Vehumet's Disquisition on Battle Magic
  1810 | D:2      | Found a deep blue altar of Sif Muna.
  1812 | D:2      | Found an ancient bone altar of Kikubaaqudgha.
  1816 | D:2      | Identified Kikubaaqudgha's Catalogue of Black Rites
  1826 | D:2      | Identified Sif Muna's Compendium of Companions
  2802 | D:4      | Reached XP level 5. HP: 14/40 MP: 4/7
  2894 | D:4      | Found a shimmering altar of Xom.
  2941 | D:4      | Noticed Ijyb
  2962 | D:4      | Killed Ijyb
  3033 | D:4      | Reached skill level 5 in Unarmed Combat
  3035 | D:4      | Found a shimmering altar of Xom.
  3036 | D:4      | Found a shimmering altar of Xom.
  3036 | D:4      | Found a shimmering altar of Xom.
  3197 | D:5      | Entered Level 5 of the Dungeon
  3229 | D:5      | Reached XP level 6. HP: 29/47 MP: 9/9
  3242 | D:5      | Noticed disskorpion's ghost (experienced OpMo)
  3496 | D:5      | Found a bloodstained altar of Trog.
  3500 | D:5      | Noticed an ogre
  3525 | D:5      | Killed an ogre
  3525 | D:5      | Reached skill level 5 in Transmutations
  3663 | D:5      | Mangled by disskorpion's ghost

Action                   |  1- 3 |  4- 6 || total
-------------------------+-------+-------++-------
Melee: Unarmed           |   140 |   173 ||   313
Throw: Javelin           |       |    18 ||    18
 Cast: Beastly Appendage |     6 |     4 ||    10
       Spider Form       |       |     3 ||     3
 Abil: End Transformatio |       |     1 ||     1
